 Dungeon Crawl Stone Soup version 0.29.1-1-gd02db6906a (webtiles) character file.

Game seed: 11720742470655017153

77 xian the Trooper (level 4, -1/37 HPs)
             Began as a Demonspawn Abyssal Knight on Sept 22, 2022.
             Was a Priest of Lugonu.
             Slain by Terence
             ... wielding a +0 falchion
              (7 damage)
             ... on level 3 of the Dungeon.
             The game lasted 00:03:12 (2190 turns).

xian the Trooper (Demonspawn Abyssal Knight)        Turns: 2190, Time: 00:03:13

Health: -1/37      AC:  3    Str: 15    XL:     4   Next: 13%
Magic:  5/5        EV: 11    Int: 12    God:    Lugonu [***...]
Gold:   113        SH:  0    Dex: 13    Spells: 3/3 levels left

rFire   . . .      SeeInvis .   a - +1 hand axe
rCold   . . .      Faith    .   (no shield)
rNeg    . . .      Spirit   .   b - +0 leather armour
rPois   .          Reflect  .   (no helmet)
rElec   .          Harm     .   (no cloak)
rCorr   .          Rampage  .   (no gloves)
Will    .....                   (no boots)
Stlth   +.........              (no amulet)
HPRegen 0.12/turn               (no ring)
MPRegen 0.09/turn               (no ring)

@: mighty
A: powered by pain 1, weakness stinger 2
a: Renounce Religion, Depart the Abyss, Bend Space, Banish


You were on level 3 of the Dungeon.
You worshipped Lugonu.
Lugonu was most pleased with you.
You visited 1 branch of the dungeon, and saw 3 of its levels.
You visited the Abyss 1 time.

You collected 113 gold pieces.

Inventory:

Hand Weapons
 a - a +1 hand axe (weapon)
Armour
 b - a +0 leather armour (worn)
Scrolls
 g - 3 scrolls of teleportation
 h - a scroll of torment {unknown}
 i - a scroll of immolation {unknown}
 j - a scroll of fog {unknown}
 k - 2 scrolls of amnesia {unknown}
Potions
 c - 2 potions of curing
 d - 2 potions of lignification {unknown}
 e - a potion of invisibility {unknown}
 f - a potion of haste {unknown}
 l - a potion of heal wounds {unknown}


   Skills:
 + Level 3.8 Fighting
 + Level 2.7 Axes
 + Level 2.1 Armour
 + Level 1.4 Dodging
 + Level 0.3 Stealth
 + Level 2.6 Invocations


You had 3 spell levels left.
You didn't know any spells.
Your spell library was empty.

Dungeon Overview and Level Annotations

Branches:
Dungeon (3/15)

Altars:

Annotations:
D:3 Terence


Innate Abilities, Weirdness & Mutations

You sometimes gain a little power by taking damage.
You have a tail ending in a sharp stinger.


Message History

You hit the endoplasm.
You kill the endoplasm!
Lugonu accepts your kill.
Found a stone staircase leading down.
Terence and an endoplasm come into view.
Terence shouts!
The endoplasm quivers.
Terence screams, "I want your blood!" Terence hits you with a +0 falchion!
You hit Terence.
Terence is lightly wounded.
Terence hits you with a +0 falchion!
You focus on the pain.
You feel very mighty all of a sudden. The endoplasm barely misses you.
Terence barely misses you.
You barely miss Terence.
Terence is lightly wounded.
You barely miss the endoplasm. The endoplasm barely misses you.
Terence hits you with a +0 falchion.
You barely miss Terence.
Terence is lightly wounded.
You completely miss the endoplasm. The endoplasm freezes you.
You are frozen.
Terence closely misses you. Terence attacks as you move away!
Terence hits you with a +0 falchion!
* * * LOW HITPOINT WARNING * * *
The endoplasm attacks as you move away!
The endoplasm hits you but does no damage.
You hit the endoplasm.
The endoplasm is almost dead.
The endoplasm freezes you.
You are frozen.
* * * LOW HITPOINT WARNING * * *
You slash the endoplasm!
You kill the endoplasm!
Lugonu accepts your kill.
Unknown command.
You hit Terence.
Terence is moderately wounded.
Terence hits you with a +0 falchion!
You die...

####.#### ...
+.......###..
#...........
#.........
.#........#
..........###..
...............
.....#
........######.
###....#
........@@...#.
.......
....>#######.#. #..
...# ..##
#.#.##.###.. .
#####.#....>...#
#.....#.....#..#
#.######.#..#..####
#.........# #......
########..###.#####
#....#.#


You could see Terence.

Vanquished Creatures
  2 adders (D:2)
  2 worms (D:2)
  3 dart slugs
  A ball python (D:2)
  6 endoplasms
  4 giant cockroaches
  4 goblins
  A hobgoblin (D:1)
  4 jackals (D:2)
  4 kobolds
  3 quokkas
  2 frilled lizards
  6 rats
42 creatures vanquished.

Notes
Turn   | Place    | Note
-------+----------+-------------------------------------------
     0 | Abyss:1  | xian the Demonspawn Abyssal Knight began the quest for the
                  | Orb.
     0 | Abyss:1  | Reached XP level 1. HP: 18/18 MP: 2/2
     1 | D:1      | Escaped the Abyss
    49 | D:1      | Found a faded altar of an unknown god.
   194 | D:1      | Gained mutation: You have a small tail. [demonic ancestry]
   194 | D:1      | Reached XP level 2. HP: 15/24 MP: 3/3
   346 | D:1      | Reached skill level 1 in Dodging
   826 | D:2      | Gained mutation: You sometimes gain a little power by
                  | taking damage. [demonic ancestry]
   826 | D:2      | Reached XP level 3. HP: 20/29 MP: 4/4
  1592 | D:2      | Reached *** piety under Lugonu
  1801 | D:2      | Gained mutation: You have a tail ending in a sharp stinger.
                  | [demonic ancestry]
  1801 | D:2      | Reached XP level 4. HP: 37/37 MP: 5/5
  2180 | D:3      | Noticed Terence
  2190 | D:3      | Slain by Terence

Illustrated notes

Levels and vault maps discovered:
D:1:      wander_arrival_chamber, layout_basic,
          ebering_ecumenical_altar_sacrificial, nicolae_figureground_sparkle
D:2:      layout_loops_cross, dreamdust_wishing_well
D:3:      layout_basic, serial_aquarium, aquarium_bridge_square
          [aquarium_subvault_bridge, aquarium_subvault_wall,
          aquarium_subvault_balcony, aquarium_subvault_bridge],
          aquarium_window_1, aquarium_window_fake, aquarium_view_2f,
          aquarium_view_2a, hellmonk_ghost_happy_afterlife, uniq_terence,
          uniq_natasha

Skill      XL: |  1  2  3 |
---------------+----------+-----
Dodging        | 1 |  1.4
Axes           | 2 |  2.7
Armour         | 2 |  2.1
Fighting       | |  3.8
Stealth        | |  0.3
Invocations    | |  2.6

Action                   |  1- 3 |  4- 6 || total
-------------------------+-------+-------++-------
Melee: Hand axe          |   112 |    16 ||   128
       Tailslap          |     5 |     2 ||     7
  Use: Scroll            |     1 |       ||     1
       Potion            |     1 |       ||     1
Armor: Leather armour    |    22 |     5 ||    27
Dodge: Dodged            |    88 |     7 ||    95
